TOP OF THE 1ST |
University of Minnesota Golden Gophers batting - Pitching for University of Conneticut Huskies : RHP Tom Bartlett Jr.
|
Pitching: RHP Tom Bartlett Jr.
|
|
Batting: LHB Yomas Rodriguez
|
0-0: Ball 1-0: Ball 2-0: SINGLE (Groundball, 4D, EV 96.9 MPH)
|
Batting: RHB Eric Tesler
|
0-0: Ground out 4-3 (Groundball, 4MD, EV 103.8 MPH) Yomas Rodriguez to second
|
Batting: LHB Shohei Nishi
|
0-0: Foul Ball, location: 2F 0-1: Ball 1-1: Ball Yomas Rodriguez steals 3rd base 2-1: Swinging Strike 2-2: Strikes out swinging
|
Batting: LHB Dean Bloemendal
|
0-0: Called Strike 0-1: Swinging Strike 0-2: Ball 1-2: Fly out, F8 (Flyball, 8LXD, EV 100.6 MPH)
|
Top of the 1st over - 0 runs, 1 hit, 0 errors, 1 left on base; University of Minnesota 0 - University of Conneticut 0 |
BOTTOM OF THE 1ST |
University of Conneticut Huskies batting - Pitching for University of Minnesota Golden Gophers : LHP J.T. Ready
|
Pitching: LHP J.T. Ready
|
|
Batting: RHB Michael Youngberry
|
0-0: Ball 1-0: Ground out 5-3 (Groundball, 56S, EV 85.0 MPH)
|
Batting: LHB Nick Rooney
|
0-0: Foul Ball, location: 2F 0-1: Ball 1-1: Ball 2-1: Foul Ball, location: 2F 2-2: Fly out, F7 (Flyball, 7, EV 88.8 MPH)
|
Batting: LHB Bill Kovac
|
0-0: Called Strike 0-1: Called Strike 0-2: Ball 1-2: Ground out 4-3 (Groundball, 4, EV 90.0 MPH)
|
Bottom of the 1st over - 0 runs, 0 hits, 0 errors, 0 left on base; University of Minnesota 0 - University of Conneticut 0 |
TOP OF THE 2ND |
University of Minnesota Golden Gophers batting - Pitching for University of Conneticut Huskies : RHP Tom Bartlett Jr.
|
Batting: SHB Mike Garvey
|
0-0: Ball 1-0: Foul Ball, location: 2F 1-1: Ground out 4-3 (Groundball, 34D, EV 103.1 MPH)
|
Batting: RHB Ramiro Vega
|
0-0: Ball 1-0: Ball 2-0: Ball 3-0: Called Strike 3-1: Foul Ball, location: 2F 3-2: Base on Balls
|
Batting: RHB Rafael Porter
|
0-0: Ball 1-0: Grounds into double play, 4-6-3 (Groundball, 4MS, EV 83.8 MPH)
|
Top of the 2nd over - 0 runs, 0 hits, 0 errors, 0 left on base; University of Minnesota 0 - University of Conneticut 0 |
BOTTOM OF THE 2ND |
University of Conneticut Huskies batting - Pitching for University of Minnesota Golden Gophers : LHP J.T. Ready
|
Batting: RHB Preston Hill
|
0-0: Ground out 6-3 (Groundball, 6, EV 82.5 MPH)
|
Batting: SHB Tommie Connolly
|
0-0: Ground out 5-3 (Groundball, 56, EV 80.0 MPH)
|
Batting: RHB Edwin Bejarano
|
0-0: Fly out, F8 (Flyball, 8LD, EV 83.1 MPH)
|
Bottom of the 2nd over - 0 runs, 0 hits, 0 errors, 0 left on base; University of Minnesota 0 - University of Conneticut 0 |
TOP OF THE 3RD |
University of Minnesota Golden Gophers batting - Pitching for University of Conneticut Huskies : RHP Tom Bartlett Jr.
|
Batting: RHB Omar Amaya
|
0-0: Ball 1-0: Called Strike 1-1: Ball 2-1: Foul Ball, location: 2F 2-2: Fly out, F4 (Popup, 4M, EV 73.8 MPH)
|
Batting: RHB Rodolfo Cosme
|
0-0: Ground out 6-3 (Groundball, 6, EV 106.9 MPH)
|
Batting: LHB Yomas Rodriguez
|
0-0: Ball 1-0: Ground out 4-3 (Groundball, 4, EV 82.5 MPH)
|
Top of the 3rd over - 0 runs, 0 hits, 0 errors, 0 left on base; University of Minnesota 0 - University of Conneticut 0 |
BOTTOM OF THE 3RD |
University of Conneticut Huskies batting - Pitching for University of Minnesota Golden Gophers : LHP J.T. Ready
|
Batting: RHB Hector Tabares
|
0-0: SINGLE (Line Drive, 9S, EV 92.5 MPH)
|
Batting: RHB Frank Pena
|
0-0: Ball 1-0: Ball 2-0: Fly out, F8 (Flyball, 78D, EV 94.4 MPH)
|
Batting: RHB Mario Verduzco
|
0-0: Ball 1-0: Called Strike 1-1: Grounds into double play, 6-4-3 (Groundball, 6, EV 101.3 MPH)
|
Bottom of the 3rd over - 0 runs, 1 hit, 0 errors, 0 left on base; University of Minnesota 0 - University of Conneticut 0 |
TOP OF THE 4TH |
University of Minnesota Golden Gophers batting - Pitching for University of Conneticut Huskies : RHP Tom Bartlett Jr.
|
Batting: RHB Eric Tesler
|
0-0: Ball 1-0: Reached on error, E7 (Flyball, 7LM, EV 98.1 MPH)
|
Batting: LHB Shohei Nishi
|
0-0: Swinging Strike 0-1: Called Strike 0-2: Ball 1-2: DOUBLE (Line Drive, 9LD, EV 106.9 MPH) Eric Tesler to third
|
Batting: LHB Dean Bloemendal
|
0-0: Ball 1-0: Ball 2-0: Foul Ball, location: 2F 2-1: Foul Ball, location: 2F 2-2: Fly out, F4 (Flyball, 34D, EV 88.8 MPH)
|
Batting: SHB Mike Garvey
|
0-0: Foul Ball, location: 2F 0-1: Ball 1-1: Called Strike 1-2: Strikes out looking
|
Batting: RHB Ramiro Vega
|
0-0: Ball 1-0: Ground out 6-3 (Groundball, 6, EV 84.4 MPH)
|
Top of the 4th over - 0 runs, 1 hit, 1 error, 2 left on base; University of Minnesota 0 - University of Conneticut 0 |
BOTTOM OF THE 4TH |
University of Conneticut Huskies batting - Pitching for University of Minnesota Golden Gophers : LHP J.T. Ready
|
Batting: RHB Michael Youngberry
|
0-0: Ball 1-0: Fly out, F6 (Popup, 6M, EV 53.1 MPH)
|
Batting: LHB Nick Rooney
|
0-0: Ball 1-0: Foul Ball, location: 2F 1-1: Fly out, F7 (Flyball, 7D, EV 106.9 MPH)
|
Batting: LHB Bill Kovac
|
0-0: DOUBLE (Line Drive, 7LS, EV 90.6 MPH)
|
Batting: RHB Preston Hill
|
0-0: Ball 1-0: Reached on error, E5 (Groundball, 5L, EV 91.3 MPH) Bill Kovac scores
|
Batting: SHB Tommie Connolly
|
0-0: Called Strike 0-1: Ball 1-1: Ground out 4-3 (Groundball, 4S, EV 84.4 MPH)
|
Bottom of the 4th over - 1 run, 1 hit, 1 error, 1 left on base; University of Minnesota 0 - University of Conneticut 1 |
TOP OF THE 5TH |
University of Minnesota Golden Gophers batting - Pitching for University of Conneticut Huskies : RHP Tom Bartlett Jr.
|
Batting: RHB Rafael Porter
|
0-0: Called Strike 0-1: Ball 1-1: Called Strike 1-2: Strikes out swinging
|
Batting: RHB Omar Amaya
|
0-0: Ground out 5-3 (Groundball, 56, EV 111.3 MPH)
|
Batting: RHB Rodolfo Cosme
|
0-0: Ball 1-0: Ground out 4-3 (Groundball, 4, EV 94.4 MPH)
|
Top of the 5th over - 0 runs, 0 hits, 0 errors, 0 left on base; University of Minnesota 0 - University of Conneticut 1 |
BOTTOM OF THE 5TH |
University of Conneticut Huskies batting - Pitching for University of Minnesota Golden Gophers : LHP J.T. Ready
|
Batting: RHB Edwin Bejarano
|
0-0: Fly out, F5 (Popup, 56, EV 65.6 MPH)
|
Batting: RHB Hector Tabares
|
0-0: Swinging Strike 0-1: Ball 1-1: Ground out 5-3 (Groundball, 56, EV 80.6 MPH)
|
Batting: RHB Frank Pena
|
0-0: Called Strike 0-1: Foul Ball, location: 2F 0-2: Foul Ball, location: 2F 0-2: Fly out, F9 (Flyball, 89M, EV 88.1 MPH)
|
Bottom of the 5th over - 0 runs, 0 hits, 0 errors, 0 left on base; University of Minnesota 0 - University of Conneticut 1 |
TOP OF THE 6TH |
University of Minnesota Golden Gophers batting - Pitching for University of Conneticut Huskies : RHP Tom Bartlett Jr.
|
Batting: LHB Yomas Rodriguez
|
0-0: Called Strike 0-1: SINGLE (Line Drive, 7S, EV 93.1 MPH)
|
Batting: RHB Eric Tesler
|
0-0: Called Strike 0-1: SINGLE (Groundball, 56D, EV 97.5 MPH) Yomas Rodriguez to second
|
Pinch Hitting: RHB Fernando Sosa
|
0-0: Called Strike 0-1: Called Strike 0-2: Ball 1-2: Strikes out swinging
|
Batting: LHB Dean Bloemendal
|
0-0: Ball 1-0: Fielders Choice at 2nd, 6-4 (Groundball, 6, EV 86.3 MPH) Yomas Rodriguez to third
|
Batting: SHB Mike Garvey
|
0-0: Called Strike 0-1: Ball 1-1: DOUBLE (Flyball, 89D, EV 86.9 MPH) Yomas Rodriguez scores Dean Bloemendal to third
|
Batting: RHB Ramiro Vega
|
0-0: Ball 1-0: Swinging Strike 1-1: Ball 2-1: Swinging Strike 2-2: Foul Ball, location: 2F 2-2: Ball 3-2: SINGLE (Groundball, 6MD, EV 99.4 MPH) Dean Bloemendal scores Mike Garvey to third Runner from 3rd tries for Home, SAFE, throw by CF to home
|
Pitching: LHP Josh Hubbard
|
|
Batting: RHB Rafael Porter
|
0-0: Called Strike 0-1: Foul Ball, location: 2F 0-2: Fly out, F7 (Flyball, 7, EV 94.4 MPH)
|
Top of the 6th over - 3 runs, 4 hits, 0 errors, 1 left on base; University of Minnesota 3 - University of Conneticut 1 |
BOTTOM OF THE 6TH |
University of Conneticut Huskies batting - Pitching for University of Minnesota Golden Gophers : LHP J.T. Ready
|
Now in RF: Archer McDowell
|
|
Batting: RHB Mario Verduzco
|
0-0: Ball 1-0: Ball 2-0: Ball 3-0: Base on Balls
|
Batting: RHB Michael Youngberry
|
|
Pinch Hitting: LHB Fumito Sakurai
|
0-0: Ball 1-0: Ball 2-0: Ball 3-0: Called Strike 3-1: Called Strike 3-2: Strikes out looking Mario Verduzco is caught stealing 2nd base 2-6 Batter strikes out.
|
Batting: LHB Nick Rooney
|
0-0: Ball 1-0: Called Strike 1-1: Ball 2-1: Called Strike 2-2: Ground out 4-3 (Groundball, 4D, EV 90.0 MPH)
|
Bottom of the 6th over - 0 runs, 0 hits, 0 errors, 0 left on base; University of Minnesota 3 - University of Conneticut 1 |
TOP OF THE 7TH |
University of Minnesota Golden Gophers batting - Pitching for University of Conneticut Huskies : LHP Josh Hubbard
|
Now in CF: Fumito Sakurai
|
|
Batting: RHB Omar Amaya
|
0-0: Foul Ball, location: 2F 0-1: Ball 1-1: DOUBLE (Groundball, 5L, EV 100.6 MPH)
|
Batting: RHB Rodolfo Cosme
|
0-0: Bunted foul 0-1: Bunt missed! 0-2: Ball 1-2: Strikes out swinging
|
Batting: LHB Yomas Rodriguez
|
0-0: Intentional Walk
|
Batting: RHB Eric Tesler
|
0-0: Ball 1-0: Called Strike 1-1: Swinging Strike 1-2: Ball 2-2: Ball 3-2: Foul Ball, location: 2F 3-2: Base on Balls Omar Amaya to third Yomas Rodriguez to second
|
Batting: RHB Archer McDowell
|
0-0: Ball 1-0: SINGLE (Groundball, 56D, EV 95.6 MPH) Omar Amaya scores Yomas Rodriguez to third Eric Tesler to second Runner from 3rd tries for Home, SAFE, throw by LF to home
|
Batting: LHB Dean Bloemendal
|
0-0: Fly out, F8 (Flyball, 8RS, EV 87.5 MPH)
|
Batting: SHB Mike Garvey
|
0-0: Ball 1-0: Called Strike 1-1: Ball 2-1: Ball 3-1: Foul Ball, location: 2F 3-2: Strikes out looking
|
Top of the 7th over - 2 runs, 2 hits, 0 errors, 2 left on base; University of Minnesota 5 - University of Conneticut 1 |
BOTTOM OF THE 7TH |
University of Conneticut Huskies batting - Pitching for University of Minnesota Golden Gophers : LHP J.T. Ready
|
Batting: LHB Bill Kovac
|
0-0: Called Strike 0-1: Foul Ball, location: 2F 0-2: Ball 1-2: Ground out 4-3 (Groundball, 4, EV 105.6 MPH)
|
Batting: RHB Preston Hill
|
0-0: Ball 1-0: Called Strike 1-1: Called Strike 1-2: Fly out, F7 (Flyball, 78XD, EV 92.5 MPH)
|
Batting: SHB Tommie Connolly
|
0-0: Ball 1-0: Reached on error, E7 (Flyball, 7LD, EV 101.9 MPH)
|
Batting: RHB Edwin Bejarano
|
0-0: Ball 1-0: Swinging Strike 1-1: Swinging Strike 1-2: Ball 2-2: Ball 3-2: Ground out 6-3 (Groundball, 6S, EV 91.9 MPH)
|
Bottom of the 7th over - 0 runs, 0 hits, 1 error, 1 left on base; University of Minnesota 5 - University of Conneticut 1 |
TOP OF THE 8TH |
University of Minnesota Golden Gophers batting - Pitching for University of Conneticut Huskies : LHP Josh Hubbard
|
Pitching: RHP Yoshiaki Tokunaga
|
|
Batting: RHB Ramiro Vega
|
0-0: Ground out 6-3 (Groundball, 6S, EV 65.6 MPH)
|
Batting: RHB Rafael Porter
|
0-0: Ball 1-0: Called Strike 1-1: Swinging Strike 1-2: Foul Ball, location: 2F 1-2: Strikes out swinging
|
Batting: RHB Omar Amaya
|
0-0: Ball 1-0: Swinging Strike 1-1: Fly out, F3 (Popup, 3S, EV 68.8 MPH)
|
Top of the 8th over - 0 runs, 0 hits, 0 errors, 0 left on base; University of Minnesota 5 - University of Conneticut 1 |
BOTTOM OF THE 8TH |
University of Conneticut Huskies batting - Pitching for University of Minnesota Golden Gophers : LHP J.T. Ready
|
Pinch Hitting: LHB Mario Cornejo
|
0-0: SINGLE (Groundball, 34D, EV 107.5 MPH)
|
Batting: RHB Frank Pena
|
0-0: Fielders Choice at 2nd, 4-6 (Groundball, 4D, EV 81.9 MPH)
|
Pinch Hitting: LHB Alex Ordonez
|
0-0: Ball 1-0: Foul Ball, location: 2F 1-1: Ball 2-1: Foul Ball, location: 2F 2-2: SINGLE (Line Drive, 9S, EV 95.0 MPH) Frank Pena to second Runner from 2nd tries for 3rd, SAFE, throw by RF made to third
|
Pitching: LHP James Reynolds
|
|
Pinch Hitting: RHB Kelly Hinckle
|
0-0: Ball 1-0: Ball 2-0: Foul Ball, location: 2F 2-1: Foul Ball, location: 2F 2-2: Foul Ball, location: 2F 2-2: Fly out, F8 (Flyball, 8LM, EV 90.0 MPH)
|
Batting: LHB Nick Rooney
|
0-0: Ball 1-0: SINGLE (Flyball, 9LM, EV 95.0 MPH) Frank Pena scores Alex Ordonez to second Runner from 2nd tries for 3rd, SAFE, throw by RF made to third
|
Pinch Hitting: RHB Victor Contreras
|
0-0: Foul Ball, location: 2F 0-1: Foul Ball, location: 2F 0-2: Fly out, F9 (Line Drive, 9, EV 93.8 MPH)
|
Bottom of the 8th over - 1 run, 3 hits, 0 errors, 2 left on base; University of Minnesota 5 - University of Conneticut 2 |
TOP OF THE 9TH |
University of Minnesota Golden Gophers batting - Pitching for University of Conneticut Huskies : RHP Yoshiaki Tokunaga
|
Now at 2B: Scott Webb
|
|
Now at 3B: Jose Aguiniga
|
|
Now in LF: Kelly Hinckle
|
|
Now in CF: Chris Bejarano
|
|
Batting: RHB Rodolfo Cosme
|
0-0: Called Strike 0-1: Ball 1-1: SINGLE (Line Drive, 78S, EV 106.3 MPH)
|
Batting: LHB Yomas Rodriguez
|
0-0: Bunt missed! 0-1: Bunted foul 0-2: SINGLE (Line Drive, 3D, EV 98.1 MPH) Rodolfo Cosme to second Runner from 2nd tries for 3rd, SAFE, throw by RF made to third
|
Batting: RHB Eric Tesler
|
0-0: Ball 1-0: Ball Yomas Rodriguez steals 2nd base 2-0: Ball 3-0: Called Strike 3-1: Called Strike 3-2: Base on Balls
|
Batting: RHB Archer McDowell
|
0-0: Called Strike 0-1: Ball 1-1: Ball 2-1: Foul Ball, location: 2F 2-2: Ball 3-2: Foul Ball, location: 2F 3-2: Base on Balls Rodolfo Cosme scores Yomas Rodriguez to third Eric Tesler to second
|
Batting: LHB Dean Bloemendal
|
0-0: Ball 1-0: Foul Ball, location: 2F 1-1: Ball Wild Pitch! Yomas Rodriguez scores Eric Tesler to third Archer McDowell to second 2-1: Swinging Strike 2-2: Strikes out swinging
|
Batting: SHB Mike Garvey
|
0-0: Called Strike 0-1: Called Strike 0-2: Ball 1-2: Foul Ball, location: 2F 1-2: Ball 2-2: Foul Ball, location: 2F 2-2: Ball 3-2: Fly out, F8 (Flyball, 8RD, EV 89.4 MPH) Runner from 3rd tags up, SCORES, throw by CF
|
Pitching: RHP Ted McCarthy
|
|
Pinch Hitting: RHB Luis Monita
|
0-0: Called Strike 0-1: Foul Ball, location: 2F 0-2: Ball 1-2: Ball 2-2: Ball 3-2: Base on Balls
|
Batting: RHB Rafael Porter
|
0-0: Fielders Choice at 2nd, 6-4 (Groundball, 6, EV 77.5 MPH)
|
Top of the 9th over - 3 runs, 2 hits, 0 errors, 2 left on base; University of Minnesota 8 - University of Conneticut 2 |
BOTTOM OF THE 9TH |
University of Conneticut Huskies batting - Pitching for University of Minnesota Golden Gophers : LHP James Reynolds
|
Now at 1B: David Gomez
|
|
Batting: RHB Preston Hill
|
0-0: Ball 1-0: Called Strike 1-1: SINGLE (Flyball, 3D, EV 88.1 MPH)
|
Batting: LHB Jeremy Lynch
|
0-0: DOUBLE (Groundball, 3L, EV 104.4 MPH) Preston Hill to third
|
Pinch Hitting: SHB Matt Boeckman
|
0-0: Called Strike 0-1: Ball 1-1: Swinging Strike 1-2: Strikes out swinging
|
Batting: RHB Jose Aguiniga
|
0-0: Called Strike 0-1: Ball 1-1: SINGLE (Line Drive, 7S, EV 103.1 MPH) Preston Hill scores Jeremy Lynch to third
|
Pinch Hitting: RHB Bill Stern
|
0-0: Ball 1-0: Ball 2-0: Called Strike 2-1: Ground out 4-3 (Groundball, 4S, EV 58.8 MPH) Jeremy Lynch scores Jose Aguiniga to second
|
Batting: RHB Chris Bejarano
|
0-0: Ball 1-0: Fly out, F8 (Flyball, 8LD, EV 100.6 MPH)
|
Bottom of the 9th over - 2 runs, 3 hits, 0 errors, 1 left on base; University of Minnesota 8 - University of Conneticut 4 |
|